 Dungeon Crawl Stone Soup version 0.25.1-2-g60ff931df9 (webtiles) character file.

Game seed: 14757093758428721302

893 protoss039 the Thaumaturge (level 7, -1/36 HPs)
             Began as a Deep Elf Earth Elementalist on July 29, 2020.
             Was an Initiate of Vehumet.
             Slain by an orc warrior
             ... wielding a +0 dire flail
              (25 damage)
             ... on level 6 of the Dungeon.
             The game lasted 00:11:40 (6535 turns).

protoss039 the Thaumaturge (DEEE)                   Turns: 6535, Time: 00:11:40

Health: -1/36      AC:  6    Str:  5    XL:     7   Next: 78%
Magic:  11/20      EV: 13    Int: 22    God:    Vehumet [......]
Gold:   104        SH:  0    Dex: 15    Spells: 7/22 levels left

rFire    . . .     SeeInvis .   g - +2 dagger (protect)
rCold    + . .     Gourm    .   (no shield)
rNeg     . . .     Faith    .   c - +0 robe
rPois    .         Spirit   .   t - +1 helmet
rElec    .         Reflect  .   u - +0 cloak
rCorr    .         Harm     .   n - +0 pair of gloves
MR       .....                  (no boots)
Stlth    ++........             (no amulet)
HPRegen  0.12/turn              p - ring of protection from cold
MPRegen  0.17/turn              (no ring)

@: very slightly contaminated
A: no striking features
a: Renounce Religion


You were on level 6 of the Dungeon.
You worshipped Vehumet.
Vehumet was noncommittal.
You were hungry.

You visited 1 branch of the dungeon, and saw 6 of its levels.

You collected 236 gold pieces.
You spent 132 gold pieces at shops.

Inventory:

Hand Weapons
 g - a +2 dagger of protection (weapon)
Missiles
 b - 65 stones (quivered)
 w - 12 poisoned darts
Armour
 c - a +0 robe (worn)
 n - a +0 pair of gloves (worn)
 t - a +1 helmet (worn)
 u - a +0 cloak (worn)
Jewellery
 p - a ring of protection from cold (left hand)
Wands
 s - a wand of polymorph (7)
Scrolls
 a - 4 scrolls of remove curse {unknown}
 e - 4 scrolls of identify {unknown}
 f - 2 scrolls of teleportation {unknown}
 h - 2 scrolls of noise {unknown}
 q - a scroll of enchant weapon {unknown}
 r - a scroll of enchant armour {unknown}
 x - 2 scrolls of fear
 y - 2 scrolls of amnesia {unknown}
Potions
 i - a potion of stabbing {unknown}
 j - a potion of resistance {unknown}
 l - a potion of mutation {unknown}
 m - 2 potions of flight {unknown}
 o - 2 potions of might {unknown}
 v - a potion of haste {unknown}
 z - a potion of cancellation {unknown}
 A - 2 potions of curing
 B - a potion of ambrosia {unknown}
Comestibles
 d - 10 rations


   Skills:
 - Level 3.0 Dodging
 - Level 3.0 Stealth
 + Level 8.4 Spellcasting
 + Level 2.1 Conjurations
 - Level 1.1 Transmutations
 + Level 7.1 Earth Magic


You had 7 spell levels left.
You knew the following spells:

 Your Spells              Type           Power        Failure   Level  Hunger
a - Sandblast             Erth           #####.       1%          1    None
b - Passwall              Tmut/Erth      ####....     1%          2    None
c - Stone Arrow           Conj/Erth      ####..       3%          3    None
d - Petrify               Tmut/Erth      ####....     13%         4    ###....
e - Lee's Rapid Deconstr  Erth           #####.....   11%         5    #####..

Your spell library contained the following spells:

 Spells                   Type           Power        Failure   Level  Hunger


Dungeon Overview and Level Annotations

Branches:
Dungeon (5/15)
 Temple: D:4-7

Altars:
Gozag
Okawaru
Uskayaw
Vehumet
Yredelemnul

Shops:
D:4 ![*%


Message History

Aim: an orc priest, wielding a +0 club (severely wounded)
The blast of sand hits the orc warrior but does no damage.
b - 65 stones The orc priest looks satisfied for a moment.
The orc warrior hits you with a +0 dire flail!
Unknown command.
Unknown command.
Casting: Sandblast (safe; 1% risk of failure)
Confirm with . or Enter, or press ? or * to list all spells.
The spell is extremely dangerous to cast (11% risk of failure)!
Continue anyway?
Aiming: Lee's Rapid Deconstruction (extremely dangerous; 11% risk of failure)
Press: ? - help, Dir - move target cursor, f - orc priest, p - orc priest Fragment what (e.g. wall or brittle monster)?: an orc priest, wielding a +0 short sword and wearing a +0 leather armour An open door.
You miscast Lee's Rapid Deconstruction.
You are very lightly contaminated with residual magic.
You feel a surge of energy from the ground.
The orc warrior hits you with a +0 dire flail!!
Ouch! That really hurt!
You die...

#....# #.... #.#..#
##....# #....######
....... #.........#
...$... +.........#
....... #.........#
....... #.........#
.....oo###.........#
......ooo@...>######
.......########
....... .......
....[.. ....$..
#+###+#


You could see an orc warrior, 2 orc priests, an orc wizard and an orc.

Vanquished Creatures
  The ghost of Jaiteiro the Sneak, an amateur FoEn (D:3)
  An ogre (D:4)
  A howler monkey (D:3)
  An orc priest (D:3)
  A jelly (D:6)
  A hound (D:2)
  4 orc wizards
  Natasha (twice) (D:4)
  4 worker ants
  A hound skeleton (D:4)
  Robin (D:2)
  12 adders
  A gnoll (D:3)
  A howler monkey skeleton (D:4)
  2 oozes
  2 worms
  7 leopard geckos
  16 orcs
  4 ball pythons
  9 bats
  4 giant cockroaches
  13 goblins
  10 hobgoblins
  4 jackals
  10 kobolds
  A quokka (D:4)
  8 frilled lizards
  8 rats
130 creatures vanquished.

Notes
Turn   | Place    | Note
-------+----------+-------------------------------------------
     0 | D:1      | protoss039 the Deep Elf Earth Elementalist began the quest
                  | for the Orb.
     0 | D:1      | Reached XP level 1. HP: 10/10 MP: 6/6
   331 | D:1      | Reached XP level 2. HP: 7/15 MP: 6/8
  1625 | D:1      | Learned a level 2 spell: Passwall
  1643 | D:2      | Reached XP level 3. HP: 19/19 MP: 7/10
  1680 | D:2      | Learned a level 3 spell: Stone Arrow
  1730 | D:2      | Reached skill level 4 in Spellcasting
  1807 | D:2      | Found a faded altar of an unknown god.
  1876 | D:2      | Reached XP level 4. HP: 21/24 MP: 9/12
  2015 | D:2      | Noticed a +0 hand axe
  2016 | D:2      | Noticed a +0 hand axe
  2024 | D:2      | Found a hide-covered altar of Uskayaw.
  2087 | D:2      | Found a basalt altar of Yredelemnul.
  2318 | D:2      | Noticed Robin
  2609 | D:2      | Learned a level 4 spell: Petrify
  2819 | D:2      | Reached skill level 5 in Spellcasting
  2847 | D:2      | Reached XP level 5. HP: 26/28 MP: 11/14
  3187 | D:2      | Killed Robin
  3550 | D:3      | Reached skill level 5 in Earth Magic
  4203 | D:3      | Learned a level 5 spell: Lee's Rapid Deconstruction
  4330 | D:3      | Reached skill level 6 in Spellcasting
  4330 | D:3      | Reached XP level 6. HP: 20/32 MP: 6/17
  4667 | D:3      | Found a runed translucent gate.
  4667 | D:3      | Found a runed translucent gate.
  4667 | D:3      | Found a runed translucent gate.
  4669 | D:3      | Found an opulent altar of Gozag.
  4669 | D:3      | Noticed Jaiteiro's ghost (amateur FoEn)
  4696 | D:3      | Reached skill level 1 in Conjurations
  4699 | D:3      | Killed Jaiteiro's ghost
  4700 | D:3      | Reached skill level 7 in Spellcasting
  4979 | D:3      | Found an iron altar of Okawaru.
  5063 | D:4      | Found Vicuvya's General Store.
  5069 | D:4      | Reached XP level 7. HP: 36/36 MP: 13/19
  5292 | D:4      | Bought a scroll of fear for 38 gold pieces
  5301 | D:4      | Noticed Natasha
  5305 | D:4      | Killed Natasha
  5387 | D:4      | Found Miden's Food Emporium.
  5416 | D:4      | Noticed Natasha
  5420 | D:4      | Killed Natasha
  5776 | D:4      | Found a radiant altar of Vehumet.
  5902 | D:4      | Found Mopy's Armour Boutique.
  5907 | D:4      | Bought a +0 cloak for 58 gold pieces
  5958 | D:4      | Reached skill level 8 in Spellcasting
  6206 | D:4      | Found Ryhisukh's Distillery.
  6209 | D:4      | Bought a potion of curing for 36 gold pieces
  6441 | D:4      | Became a worshipper of Vehumet
  6491 | D:5      | Entered Level 5 of the Dungeon
  6501 | D:5      | You fall into a shaft and drop 1 floor!
  6535 | D:6      | Slain by an orc warrior

Illustrated notes

Levels and vault maps discovered:
D:1:      sevenhm_arrival_forest_fort_small_6, layout_basic
D:2:      minmay_spotlight, layout_basic, yredelemnul_altar_generic,
          dancing_weapons_uskayaw, chequers_ecumenical_altar_grove, uniq_robin
D:3:      cheibrodos_pilgrimage, layout_basic, marbit_many_paths,
          ebering_ghost_gozag
D:4:      layout_gridville, vehumet_crystals, serial_shops, shop_fountains,
          shop, nicolae_shop_crystal, shop, first_ration, uniq_natasha
D:5:      layout_gridville, temple_statues
D:6:      layout_basic

Skill      XL: |  1  2  3  4  5  6  7 |
---------------+----------------------+-----
Dodging        | 3 |  3.0
Stealth        | 3 |  3.0
Spellcasting   | 4 5 6 7 8 |  8.4
Earth Magic    | 4 5 6 7 |  7.1
Conjurations   | 1 2 |  2.1
Transmutations | |  1.1

Action                   |  1- 3 |  4- 6 |  7- 9 || total
-------------------------+-------+-------+-------++-------
Melee: Spear             |     8 |       |       ||     8
       Dagger            |    42 |    63 |       ||   105
 Cast: Sandblast         |    26 |    86 |    12 ||   124
       Stone Arrow       |     1 |    19 |    37 ||    57
  Use: Potion            |       |     2 |       ||     2
 Stab: Sleeping          |     5 |     2 |       ||     7
  Eat: Chunk             |     3 |    10 |     4 ||    17
Armor: Robe              |    10 |    40 |       ||    50
Dodge: Dodged            |    70 |   110 |     4 ||   184
